PAA
TACOMA FUR TRADERS @ MERCER ISLAND SCREAMING EAGLES
09/15/2034
 
TOP OF THE 1ST
Tacoma Fur Traders batting - Pitching for Mercer Island Screaming Eagles : RHP Dan Taylor
Pitching: RHP Dan Taylor
Batting: LHB Vance Corkum 0-0: Called Strike
0-1: Ball
1-1: Called Strike
1-2: Ball
2-2: Ground out 4-3 (Groundball, 4S)
Batting: RHB Ricardo Sandoval 0-0: Ball
1-0: Called Strike
1-1: Ground out 5-3 (Groundball, 56)
Batting: LHB Keizo Morishita 0-0: Called Strike
0-1: Ground out 1-3 (Groundball, P)
Top of the 1st over - 0 runs, 0 hits, 0 errors, 0 left on base; Tacoma 0 - Mercer Island 0
BOTTOM OF THE 1ST
Mercer Island Screaming Eagles batting - Pitching for Tacoma Fur Traders : LHP Kentaro Kato
Pitching: LHP Kentaro Kato
Batting: RHB Alfredo García 0-0: Foul Ball, location: 2F
0-1: Ball
1-1: Ball
2-1: SINGLE (Line Drive, 34D)
Batting: RHB Dave Broom 0-0: Fly out, F4 (Popup, 4MD)
Batting: RHB Barrett Drury 0-0: Called Strike
0-1: Ball
1-1: Fly out, F9 (Flyball, 9S)
Batting: RHB Bart Goodine 0-0: Called Strike
0-1: Swinging Strike
0-2: Strikes out looking
Bottom of the 1st over - 0 runs, 1 hit, 0 errors, 1 left on base; Tacoma 0 - Mercer Island 0
TOP OF THE 2ND
Tacoma Fur Traders batting - Pitching for Mercer Island Screaming Eagles : RHP Dan Taylor
Batting: RHB Josh Mawdesley 0-0: Ball
1-0: Fly out, F8 (Flyball, 8LD)
Batting: RHB Bill Perkins 0-0: Ball
1-0: Called Strike
1-1: Foul Ball, location: 2F
1-2: Strikes out swinging, 2-3 out at first.
Batting: RHB Robin Colwill 0-0: Ball
1-0: Ground out 4-3 (Groundball, 4)
Top of the 2nd over - 0 runs, 0 hits, 0 errors, 0 left on base; Tacoma 0 - Mercer Island 0
BOTTOM OF THE 2ND
Mercer Island Screaming Eagles batting - Pitching for Tacoma Fur Traders : LHP Kentaro Kato
Batting: RHB Juan Reyes 0-0: Ball
1-0: Ball
2-0: SOLO HOME RUN (Flyball, 7D), Distance : 400 ft
Batting: RHB Oliver Burrell 0-0: Called Strike
0-1: Swinging Strike
0-2: Ball
1-2: Foul Ball, location: 2F
1-2: Strikes out swinging
Batting: RHB Rubén Vásquez 0-0: Called Strike
0-1: Foul Ball, location: 2F
0-2: Ball
1-2: Foul Ball, location: 2F
1-2: SINGLE (Groundball, 4MD)
Batting: SHB Jason Graham 0-0: Called Strike
0-1: Foul Ball, location: 2F
0-2: Foul Ball, location: 2F
0-2: Strikes out swinging
Batting: SHB Jeffery Simpson 0-0: Swinging Strike
0-1: Fly out, F3 (Popup, 3S)
Bottom of the 2nd over - 1 run, 2 hits, 0 errors, 1 left on base; Tacoma 0 - Mercer Island 1
TOP OF THE 3RD
Tacoma Fur Traders batting - Pitching for Mercer Island Screaming Eagles : RHP Dan Taylor
Batting: RHB Michael Palledorous 0-0: Ball
1-0: SINGLE (Line Drive, 89S)
Batting: RHB Alejandro Aquilera 0-0: Foul Ball, location: 2F
0-1: Ball
Wild Pitch!
Michael Palledorous to second
1-1: Ball
2-1: Ball
3-1: Foul Ball, location: 2F
3-2: Foul Ball, location: 2F
3-2: Foul Ball, location: 2F
3-2: Foul Ball, location: 2F
3-2: Base on Balls
Batting: RHB Stan Wheeler 0-0: Foul Ball, location: 2F
0-1: Ball
1-1: Foul Ball, location: 2F
1-2: Fielders Choice at 2nd, 5-4 (Groundball, 56)
Michael Palledorous to third
Batting: LHB Vance Corkum 0-0: Called Strike
0-1: Ball
1-1: Foul Ball, location: 2F
1-2: Strikes out looking
Batting: RHB Ricardo Sandoval 0-0: Swinging Strike
0-1: DOUBLE (Line Drive, 9)
Michael Palledorous scores
Stan Wheeler to third
Runner from 3rd tries for Home, SAFE, no throw
Batting: LHB Keizo Morishita 0-0: Ball
1-0: Fly out, F4 (Line Drive, 4)
Top of the 3rd over - 2 runs, 2 hits, 0 errors, 1 left on base; Tacoma 2 - Mercer Island 1
BOTTOM OF THE 3RD
Mercer Island Screaming Eagles batting - Pitching for Tacoma Fur Traders : LHP Kentaro Kato
Batting: RHB Alfredo García 0-0: Ball
1-0: Ball
2-0: Called Strike
2-1: Ball
3-1: Base on Balls
Batting: RHB Dave Broom 0-0: Called Strike
0-1: Ball
1-1: Ball
2-1: Foul Ball, location: 2F
2-2: Grounds into double play, 4-6-3 (Groundball, 4)
Batting: RHB Barrett Drury 0-0: Called Strike
0-1: Fly out, F9 (Flyball, 9)
Bottom of the 3rd over - 0 runs, 0 hits, 0 errors, 0 left on base; Tacoma 2 - Mercer Island 1
TOP OF THE 4TH
Tacoma Fur Traders batting - Pitching for Mercer Island Screaming Eagles : RHP Dan Taylor
Batting: RHB Josh Mawdesley 0-0: Fly out, F7 (Flyball, 7)
Batting: RHB Bill Perkins 0-0: Swinging Strike
0-1: Ball
1-1: Foul Ball, location: 2F
1-2: Ball
2-2: Ground out 6-3 (Groundball, 6M)
Batting: RHB Robin Colwill 0-0: SOLO HOME RUN (Flyball, 8RXD), Distance : 441 ft
Batting: RHB Michael Palledorous 0-0: Ball
1-0: Foul Ball, location: 2F
1-1: Called Strike
1-2: Strikes out swinging
Top of the 4th over - 1 run, 1 hit, 0 errors, 0 left on base; Tacoma 3 - Mercer Island 1
BOTTOM OF THE 4TH
Mercer Island Screaming Eagles batting - Pitching for Tacoma Fur Traders : LHP Kentaro Kato
Batting: RHB Bart Goodine 0-0: Called Strike
0-1: SINGLE (Line Drive, 7S)
Batting: RHB Juan Reyes 0-0: Ball
1-0: Foul Ball, location: 2F
1-1: Called Strike
1-2: Ball
2-2: Strikes out swinging
Batting: RHB Oliver Burrell 0-0: Ball
1-0: Called Strike
1-1: Ball
2-1: Swinging Strike
2-2: Foul Ball, location: 2F
2-2: Strikes out looking
Batting: RHB Rubén Vásquez 0-0: Called Strike
0-1: Swinging Strike
0-2: Fly out, F7 (Flyball, 78M)
Bottom of the 4th over - 0 runs, 1 hit, 0 errors, 1 left on base; Tacoma 3 - Mercer Island 1
TOP OF THE 5TH
Tacoma Fur Traders batting - Pitching for Mercer Island Screaming Eagles : RHP Dan Taylor
Batting: RHB Alejandro Aquilera 0-0: Foul Ball, location: 2F
0-1: Ball
1-1: SINGLE (Line Drive, 89S)
Batting: RHB Stan Wheeler 0-0: Bunted foul
0-1: Ball
1-1: Bunted foul
1-2: Ball
2-2: Strikes out swinging
Batting: LHB Vance Corkum 0-0: Ball
1-0: Swinging Strike
1-1: Ball
2-1: Foul Ball, location: 2F
2-2: Ground out 6-3 (Groundball, 6)
Alejandro Aquilera to second
Batting: RHB Ricardo Sandoval 0-0: Swinging Strike
0-1: Foul Ball, location: 2F
0-2: Fly out, F6 (Popup, 6D)
Top of the 5th over - 0 runs, 1 hit, 0 errors, 1 left on base; Tacoma 3 - Mercer Island 1
BOTTOM OF THE 5TH
Mercer Island Screaming Eagles batting - Pitching for Tacoma Fur Traders : LHP Kentaro Kato
Batting: SHB Jason Graham 0-0: Ground out 6-3 (Groundball, 6)
Batting: SHB Jeffery Simpson 0-0: Called Strike
0-1: Ball
1-1: Foul Ball, location: 2F
1-2: SINGLE (Groundball, 34D)
Batting: RHB Alfredo García 0-0: Ball
1-0: Foul Ball, location: 2F
1-1: Called Strike
1-2: Ball
2-2: Foul Ball, location: 2F
2-2: Foul Ball, location: 2F
2-2: Foul Ball, location: 2F
2-2: Ball
3-2: Base on Balls
Jeffery Simpson to second
Batting: RHB Dave Broom 0-0: Ball
1-0: Foul Ball, location: 2F
1-1: Fly out, F9 (Flyball, 89S)
Batting: RHB Barrett Drury 0-0: Ball
1-0: Ball
2-0: Ball
3-0: Called Strike
3-1: Base on Balls
Jeffery Simpson to third
Alfredo García to second
Batting: RHB Bart Goodine 0-0: Ball
1-0: Fly out, F7 (Flyball, 7S)
Bottom of the 5th over - 0 runs, 1 hit, 0 errors, 3 left on base; Tacoma 3 - Mercer Island 1
TOP OF THE 6TH
Tacoma Fur Traders batting - Pitching for Mercer Island Screaming Eagles : RHP Dan Taylor
Batting: LHB Keizo Morishita 0-0: Called Strike
0-1: Ball
1-1: Called Strike
1-2: Strikes out swinging
Batting: RHB Josh Mawdesley 0-0: Ball
1-0: Ball
2-0: Called Strike
2-1: Ground out 1-3 (Groundball, 15)
Batting: RHB Bill Perkins 0-0: Called Strike
0-1: Called Strike
0-2: Foul Ball, location: 2F
0-2: Strikes out looking
Top of the 6th over - 0 runs, 0 hits, 0 errors, 0 left on base; Tacoma 3 - Mercer Island 1
BOTTOM OF THE 6TH
Mercer Island Screaming Eagles batting - Pitching for Tacoma Fur Traders : LHP Kentaro Kato
Batting: RHB Juan Reyes 0-0: Fly out, F8 (Line Drive, 8LS)
Batting: RHB Oliver Burrell 0-0: Ball
1-0: Ball
2-0: Ball
3-0: Called Strike
3-1: Called Strike
3-2: Base on Balls
Batting: RHB Rubén Vásquez 0-0: Called Strike
0-1: Foul Ball, location: 2F
0-2: Ball
1-2: Foul Ball, location: 2F
1-2: SINGLE (Groundball, 56D)
Oliver Burrell to second
Batting: SHB Jason Graham 0-0: Ball
1-0: Called Strike
1-1: Ball
2-1: Called Strike
2-2: Ball
Wild Pitch!
Oliver Burrell to third
Rubén Vásquez to second
3-2: Base on Balls
Batting: SHB Jeffery Simpson 0-0: Ball
1-0: Foul Ball, location: 2F
1-1: Grounds into double play, 4-6-3 (Groundball, 4M)
Bottom of the 6th over - 0 runs, 1 hit, 0 errors, 2 left on base; Tacoma 3 - Mercer Island 1
TOP OF THE 7TH
Tacoma Fur Traders batting - Pitching for Mercer Island Screaming Eagles : RHP Dan Taylor
Batting: RHB Robin Colwill 0-0: Foul Ball, location: 2F
0-1: Foul Ball, location: 2F
0-2: Foul Ball, location: 2F
0-2: Foul Ball, location: 2F
0-2: Ball
1-2: Ball
2-2: Foul Ball, location: 2F
2-2: Ball
3-2: Ground out 5-3 (Groundball, 56)
Batting: RHB Michael Palledorous 0-0: Swinging Strike
0-1: Ground out 4-3 (Groundball, 4)
Batting: RHB Alejandro Aquilera 0-0: Swinging Strike
0-1: Swinging Strike
0-2: Strikes out looking
Top of the 7th over - 0 runs, 0 hits, 0 errors, 0 left on base; Tacoma 3 - Mercer Island 1
BOTTOM OF THE 7TH
Mercer Island Screaming Eagles batting - Pitching for Tacoma Fur Traders : LHP Kentaro Kato
Batting: RHB Alfredo García 0-0: Called Strike
0-1: DOUBLE (Flyball, 7LD)
Batting: RHB Dave Broom 0-0: SINGLE (Groundball, 6MD)
Alfredo García to third
Runner from 3rd tries for Home, SAFE, no throw
Batting: RHB Barrett Drury 0-0: Ball
1-0: Ball
2-0: Called Strike
2-1: Ball
3-1: Foul Ball, location: 2F
3-2: Foul Ball, location: 2F
3-2: Fly out, F9 (Flyball, 9S)
Batting: RHB Bart Goodine 0-0: Ball
1-0: Called Strike
1-1: Grounds into double play, 1-6-3 (Groundball, P)
Bottom of the 7th over - 1 run, 2 hits, 0 errors, 0 left on base; Tacoma 3 - Mercer Island 2
TOP OF THE 8TH
Tacoma Fur Traders batting - Pitching for Mercer Island Screaming Eagles : RHP Dan Taylor
Pitching: LHP Luis Oropeza
Batting: RHB Stan Wheeler 0-0: SOLO HOME RUN (Flyball, 9LD), Distance : 355 ft
Batting: LHB Vance Corkum 0-0: Ball
1-0: Ground out 4-3 (Groundball, 4)
Batting: RHB Ricardo Sandoval 0-0: Ball
1-0: Foul Ball, location: 2F
1-1: Called Strike
1-2: Foul Ball, location: 2F
1-2: Ball
2-2: Fly out, F4 (Popup, 34S)
Batting: LHB Keizo Morishita 0-0: Called Strike
0-1: Swinging Strike
0-2: Ball
1-2: Strikes out swinging
Top of the 8th over - 1 run, 1 hit, 0 errors, 0 left on base; Tacoma 4 - Mercer Island 2
BOTTOM OF THE 8TH
Mercer Island Screaming Eagles batting - Pitching for Tacoma Fur Traders : LHP Kentaro Kato
Batting: RHB Juan Reyes 0-0: Ball
1-0: Foul Ball, location: 2F
1-1: Called Strike
1-2: Foul Ball, location: 2F
1-2: Foul Ball, location: 2F
1-2: Fly out, F7 (Line Drive, 7LM)
Pitching: RHP Arie de Nooyer
Batting: RHB Oliver Burrell 0-0: Swinging Strike
0-1: Foul Ball, location: 2F
0-2: DOUBLE (Line Drive, 7LM)
Batting: RHB Rubén Vásquez 0-0: Swinging Strike
0-1: Swinging Strike
0-2: Ball
1-2: Strikes out looking
Batting: SHB Jason Graham 0-0: Swinging Strike
0-1: Foul Ball, location: 2F
0-2: Ball
1-2: Ground out 4-3 (Groundball, 4M)
Bottom of the 8th over - 0 runs, 1 hit, 0 errors, 1 left on base; Tacoma 4 - Mercer Island 2
TOP OF THE 9TH
Tacoma Fur Traders batting - Pitching for Mercer Island Screaming Eagles : LHP Luis Oropeza
Batting: RHB Josh Mawdesley 0-0: Ball
1-0: Swinging Strike
1-1: Swinging Strike
1-2: Strikes out swinging
Batting: RHB Bill Perkins 0-0: Ground out 6-3 (Groundball, 56)
Batting: RHB Robin Colwill 0-0: Ball
1-0: Ball
2-0: Ball
3-0: Called Strike
3-1: Fly out, F7 (Flyball, 78S)
Top of the 9th over - 0 runs, 0 hits, 0 errors, 0 left on base; Tacoma 4 - Mercer Island 2
BOTTOM OF THE 9TH
Mercer Island Screaming Eagles batting - Pitching for Tacoma Fur Traders : RHP Arie de Nooyer
Pitching: RHP Jeffrey Chesser
Batting: SHB Jeffery Simpson 0-0: Ball
1-0: Ball
2-0: Fly out, F7 (Flyball, 7LM)
Batting: RHB Alfredo García 0-0: Called Strike
0-1: Foul Ball, location: 2F
0-2: Foul Ball, location: 2F
0-2: Strikes out looking
Batting: RHB Dave Broom 0-0: Called Strike
0-1: Ball
1-1: Swinging Strike
1-2: Ball
2-2: Fly out, F5 (Line Drive, 5L)
Bottom of the 9th over - 0 runs, 0 hits, 0 errors, 0 left on base; Tacoma 4 - Mercer Island 2
Friday, March 29th, 2019 - OOTP Baseball 18.8 Build 76